 Dungeon Crawl Stone Soup version 0.22-a0-292-g0df9d5f48d (webtiles) character file.

16 Flugkiller the Ruffian (level 2, -1/25 HPs)
             Began as a Naga Transmuter on Mar 23, 2018.
             Slain by a jackal (2 damage)
             ... on level 1 of the Dungeon.
             The game lasted 00:00:56 (514 turns).

Flugkiller the Ruffian (Naga Transmuter)             Turns: 514, Time: 00:00:57

Health: -1/25      AC:  1    Str: 12    XL:     2   Next: 58%
Magic:  5/5        EV: 10    Int: 13    God:
Gold:   20         SH:  0    Dex: 11    Spells: 4/5 levels left

rFire    . . .     SeeInvis +   e - +1 dagger (venom)
rCold    . . .     Gourm    .   (no shield)
rNeg     . . .     Faith    .   b - +0 robe
rPois    +         Spirit   .   (no helmet)
rElec    .         Reflect  .   (no cloak)
rCorr    .         Harm     .   (no gloves)
MR       .....                  (no barding)
Stlth    ++........             (no amulet)
HPRegen  0.08/turn              (no ring)
MPRegen  0.09/turn              (no ring)

@: very slow
A: large, see invisible, deformed body, poison resistance, slowness 2, slow
metabolism 1, spit poison 1, AC +0
a: Spit Poison


You were on level 1 of the Dungeon.
You were not hungry.

You visited 1 branch of the dungeon, and saw 1 of its levels.

You collected 20 gold pieces.

Inventory:

Hand Weapons
 e - a +1 dagger of venom (weapon)
Missiles
 a - 12 arrows
Armour
 b - a +0 robe (worn)
Scrolls
 h - a scroll of remove curse {unknown}
Comestibles
 c - 3 chunks of flesh
 d - 2 rations


   Skills:
 - Level 1.0 Fighting
 - Level 1.5 Dodging
 + Level 1.8 Stealth
 + Level 3.3 Unarmed Combat
 - Level 2.0 Spellcasting
 + Level 2.4 Transmutations


You had 4 spell levels left.
You knew the following spells:

 Your Spells              Type           Power        Failure   Level  Hunger
a - Beastly Appendage     Tmut           #.....       10%         1    ##.....


Dungeon Overview and Level Annotations

Branches:
Dungeon (1/15)

Altars:


Innate Abilities, Weirdness & Mutations

You cannot wear boots.
Your serpentine skin is tough. (AC +0)
You have supernaturally acute eyesight. (SInv)
Armour fits poorly on your strangely shaped body.
Your system is resistant to poisons. (rPois)
You cover ground very slowly.
You have a slow metabolism.
You can spit poison.


Message History

The jackal bites you.
* * * LOW HITPOINT WARNING * * *
As you read the scroll of fog, it crumbles to dust.
The scroll dissolves into smoke.
The bat closely misses you. The jackal completely misses you.
The jackal barely misses you. The bat hits you but does no damage.
The bat hits you but does no damage. The jackal bites you.
* * * LOW HITPOINT WARNING * * *
The jackal bites you but does no damage.
The bat hits you.
* * * LOW HITPOINT WARNING * * *
The bat hits you but does no damage. x2
The bat hits you but does no damage. The jackal closely misses you.
The jackal bites you but does no damage.
The jackal barely misses you. The bat hits you but does no damage.
The bat closely misses you. The jackal bites you.
* * * LOW HITPOINT WARNING * * *
The jackal bites you.
You die...

<.####
#....#..#........#
..'..#
#.##.#..#........#
'####..##
#.#..#........# .#
.# #.#..#........#
## .####...........#
..........##'#..#
###.......# .....
#.......# ##..
#..hb@[.# .
###########.§§hh..#
#........§§§§§§...+
#........§§§§§§...#
#........§§§§§§...#
.#........§§§§######
.....##########
..[..# ......


You could see 3 jackals and a bat.

Vanquished Creatures
  An ooze (D:1)
  2 goblins (D:1)
  3 hobgoblins (D:1)
  2 jackals (D:1)
  A frilled lizard (D:1)
  2 kobolds (D:1)
11 creatures vanquished.

Notes
Turn   | Place    | Note
-------+----------+-------------------------------------------
     0 | D:1      | Flugkiller the Naga Transmuter began the quest for the Orb.
     0 | D:1      | Reached XP level 1. HP: 18/18 MP: 3/3
   274 | D:1      | Reached skill level 1 in Stealth
   331 | D:1      | Reached XP level 2. HP: 21/25 MP: 5/5
   514 | D:1      | HP: 1/25 [jackal (2)]
   514 | D:1      | Slain by a jackal

Vault maps used:
D:1:      dpeg_arrival_radiant, minmay_misc_feat_tiny

Skill      XL: |  1 |
---------------+----+-----
Stealth        | 1 |  1.8
Fighting       | |  1.0
Dodging        | |  1.5
Unarmed Combat | |  3.3
Spellcasting   | |  2.0
Transmutations | |  2.4

Action                   || total
-------------------------++-------
Melee: Unarmed           ||    12
       Dagger            ||    18
       Headbutt          ||     1
 Cast: Beastly Appendage ||     1
  Use: Scroll            ||     2
Armor: Robe              ||    13
Dodge: Dodged            ||    28

Table legend:
 A = Spawn XP
 B = Non-spawn XP
 C = Spawn XP percentage of total XP
 D = Spawn monster count
 E = Non-spawn monster count
 F = Spawn count percentage of total count
 G = Total turns spent on level
                    A         B        C        D         E        F      G
               +---------+---------+-------+---------+---------+-------+---------
         Total |       0 |      24 |   0.0 |       0 |      11 |   0.0 |   514
               +---------+---------+-------+---------+---------+-------+---------
           D:1 |       0 |      24 |   0.0 |       0 |      11 |   0.0 |   514
               +---------+---------+-------+---------+---------+-------+---------
